Map: Moonlight Madness LE (Void)

Players

Mayhaps - Winner!

  • Race: Protoss Protoss
  • League: Platinum

VOD

Have the link to the VOD?

Description

New PvZ build

Time

  • Played on: Oct. 24, 2015, 3:33 a.m.
  • Length: 10:07
Show
View Real Time Build Order
Export as new Build Order

Mayhaps Protoss - Winner!

Build Orders: 1 Gate Expand 

Get SALT Encoding   

  12  0:02  Probe (Chrono Boost)  
  12  0:12  Probe (Chrono Boost)  
  12  0:20  Pylon  
  12  0:23  Probe (Chrono Boost)  
  12  0:38  Probe (Chrono Boost)  
  12  0:39  Gateway  
  12  0:49  Probe (Chrono Boost)  
  12  0:59  Probe (Chrono Boost)  
  12  1:10  Probe (Chrono Boost)  
  12  1:14  Nexus  
  12  1:20  Probe (Chrono Boost)  
  12  1:23  Assimilator  
  12  1:31  Probe (Chrono Boost)  
  12  1:35  Cybernetics Core  
  12  1:42  Pylon  
  12  1:45  Probe (Chrono Boost)  
  12  1:51  Assimilator  
  12  1:56  Probe (Chrono Boost)  
  12  2:07  Probe (Chrono Boost)  
  12  2:12  Adept (Chrono Boost)  
  12  2:15  Warp Gate  
  12  2:18  Probe  
  12  2:27  Gateway  
  12  2:30  Gateway  
  12  2:31  Probe (Chrono Boost)  
  12  2:36  Probe (Chrono Boost)  
  12  2:42  Probe (Chrono Boost)  
  12  2:47  Sentry  
  12  2:48  Pylon  
  12  2:51  Probe (Chrono Boost)  
  12  2:52  Probe (Chrono Boost)  
  12  3:01  Probe (Chrono Boost)  
  12  3:03  Probe (Chrono Boost)  
  12  3:08  Robotics Facility  
  12  3:12  Probe (Chrono Boost)  
  12  3:14  Probe (Chrono Boost)  
  12  3:16  Sentry  
  12  3:20  Adept  
  12  3:23  Probe (Chrono Boost)  
  12  3:24  Probe (Chrono Boost)  
  12  3:27  Adept  
  12  3:33  Probe (Chrono Boost)  
  12  3:35  Probe (Chrono Boost)  
  12  3:44  Pylon  
  12  3:46  Probe x2 (Chrono Boost)  
  12  3:53  Assimilator  
  12  3:55  Probe (Chrono Boost), Warp Prism (Chrono Boost)  
  12  3:56  Probe  
  12  3:58  Assimilator  
  12  4:01  Forge  
  12  4:05  Probe  
  12  4:19  Adept x2  
  12  4:21  Adept  
  12  4:26  Probe  
  12  4:32  Pylon  
  12  4:43  Pylon  
  12  4:46  Pylon  
  12  4:48  Probe  
  12  4:49  Nexus  
  12  4:50  Probe  
  12  4:51  Observer (Chrono Boost)  
  12  4:53  Protoss Ground Weapons Level 1 (Chrono Boost)  
  12  4:55  Sentry, Robotics Bay  
  12  4:56  Sentry  
  12  5:00  Probe, Pylon  
  12  5:07  Probe  
  12  5:13  Mothership Core, Observer (Chrono Boost)  
  12  5:22  Gateway  
  12  5:24  Adept  
  12  5:25  Pylon  
  12  5:27  Sentry  
  12  5:28  Gateway  
  12  5:32  Probe  
  12  5:37  Probe  
  12  5:44  Probe  
  12  5:46  Disruptor (Chrono Boost)  
  12  5:47  Probe  
  12  5:48  Twilight Council  
  12  5:50  Adept  
  12  5:52  Adept  
  12  5:56  Probe  
  12  5:58  Probe  
  12  6:03  Probe  
  12  6:08  Probe  
  12  6:09  Probe  
  12  6:10  Gateway  
  12  6:12  Gateway  
  12  6:13  Probe  
  12  6:16  Pylon  
  12  6:17  Disruptor (Chrono Boost)  
  12  6:19  Probe  
  12  6:20  Probe  
  12  6:23  Sentry  
  12  6:24  Probe  
  12  6:28  Blink (Chrono Boost)  
  12  6:30  Probe  
  12  6:31  Assimilator  
  12  6:33  Probe  
  12  6:35  Assimilator  
  12  6:39  Protoss Ground Weapons Level 2 (Chrono Boost)  
  12  6:40  Probe  
  12  6:44  Disruptor  
  12  6:55  Gateway  
  12  6:56  Gateway  
  12  6:57  Pylon  
  12  7:00  Pylon x2  
  12  7:05  Zealot x2  
  12  7:08  Stalker x2  
  12  7:15  Disruptor  
  12  7:21  Stalker  
  12  7:23  Stalker  
  12  7:25  Probe  
  12  7:26  Probe x2  
  12  7:29  Stalker  
  12  7:32  Stalker x2  
  12  7:36  Pylon  
  12  7:38  Stalker, Probe x2, Pylon  
  12  7:39  Stalker  
  12  7:47  Stalker x2  
  12  7:58  Stalker x4  
  12  8:01  Disruptor  
  12  8:15  Stalker x3  
  12  8:24  Nexus  
  12  8:29  Photon Cannon  
  12  8:31  Photon Cannon  
  12  8:32  Photon Cannon  
  12  8:34  Disruptor, Pylon  
  12  8:39  Pylon  
  12  8:42  Pylon  
  12  8:44  Pylon  
  12  8:47  Robotics Facility  
  12  8:54  Stalker x2  
  12  8:55  Stalker  
  12  9:19  Stalker, Photon Cannon  
  12  9:20  Stalker x2  
  12  9:21  Photon Cannon  
  12  9:23  Adept, Photon Cannon  
  12  9:25  Immortal  
  12  9:51  Pylon  
  12  9:54  Templar Archives  
  12  9:56  Gateway  
  12  9:59  Gateway  
  12  10:03  Stalker x2  
Tags
 
Add a new tag
Caveats
  • Supply blocks, unpowered buildings, or Contaminate may cause inaccurate times.
  • Supply counts are checked every 10 seconds.